 Dungeon Crawl Stone Soup version 0.28-a0-863-g8cecda6153 (webtiles) character file.

Game seed: 4104119396164615245

897 bande the Covered (level 8, -2/48 HPs)
             Began as a Gargoyle Fighter on Nov 19, 2021.
             Slain by an orc warrior (11 damage)
             ... on level 6 of the Dungeon.
             The game lasted 00:10:57 (5864 turns).

bande the Covered (Gargoyle Fighter)                Turns: 5864, Time: 00:10:58

Health: -2/48      AC: 18    Str: 21    XL:     8   Next: 7%
Magic:  8/8        EV:  6    Int:  9    God:
Gold:   158        SH:  9    Dex: 10    Spells: 7/7 levels left

rFire   . . .      SeeInvis .   k - +0 hand axe (flame)
rCold   . . .      Faith    .   f - +0 kite shield
rNeg    + . .      Spirit   .   o - +0 chain mail
rPois   ∞          Reflect  .   r - +2 hat
rElec   +          Harm     .   (no cloak)
rCorr   .          Rampage  .   i - +0 pair of gloves
Will    .....                   (no boots)
Stlth   ..........              (no amulet)
HPRegen 0.16/turn               (no ring)
MPRegen 0.11/turn               (no ring)

@: no status effects
A: sickness immunity, AC +5, negative energy resistance 1, electricity
resistance, torment resistance 1, petrification resistance
a: no special abilities


You were on level 6 of the Dungeon.
You visited 1 branch of the dungeon, and saw 6 of its levels.

You collected 158 gold pieces.

Inventory:

Hand Weapons
 a - a +0 war axe of venom
 b - a +0 war axe
 k - a +0 hand axe of flaming (weapon)
 v - a +0 war axe
Armour
 f - a +0 kite shield (worn)
 g - a +0 helmet
 i - a +0 pair of gloves (worn)
 o - a +0 chain mail (worn)
 r - a +2 hat (worn)
Jewellery
 u - a +6 ring of intelligence
 y - a ring of ice
Scrolls
 n - a scroll of enchant weapon {unknown}
 p - 3 scrolls of enchant armour {unknown}
 q - a scroll of holy word {unknown}
 s - a scroll of brand weapon
 t - a scroll of torment {unknown}
 w - a scroll of teleportation {unknown}
 x - a scroll of identify
Potions
 c - a potion of curing
 d - a potion of might
 e - a potion of cancellation
 h - a potion of lignification {unknown}
 j - a potion of attraction {unknown}
 l - a potion of brilliance {unknown}
 m - a potion of haste {unknown}
 z - a potion of flight {unknown}
 A - a potion of degeneration {unknown}


   Skills:
 + Level 4.6 Fighting
 + Level 5.4 Axes
 + Level 5.8 Armour
 + Level 5.7 Shields


You had 7 spell levels left.
You didn't know any spells.
Your spell library contained the following spells:

 Spells                   Type           Power      Damage    Failure   Level
 Slow                     Hex            0%         N/A       100%        1
 Summon Small Mammal      Summ           0%         N/A       100%        1
 Ensorcelled Hibernation  Hex/Ice        0%         N/A       100%        2
 Call Canine Familiar     Summ           0%         N/A       100%        3
 Confusing Touch          Hex            0%         N/A       100%        3
 Inner Flame              Hex/Fire       0%         N/A       100%        3
 Spider Form              Tmut/Pois      0%         N/A       100%        3
 Summon Guardian Golem    Hex/Summ       0%         N/A       100%        3
 Vampiric Draining        Necr           0%         2d6       100%        3
 Cause Fear               Hex            0%         N/A       100%        4
 Discord                  Hex            0%         N/A       100%        8


Dungeon Overview and Level Annotations

Branches:
Dungeon (6/15)
 Temple: D:4-7

Altars:
Trog

Shops:
D:1 (   D:4 :[


Innate Abilities, Weirdness & Mutations

You are immune to sickness and miasma.
Your stone body is resilient. (AC +5)
You are immune to poison.
You resist negative energy. (rN+)
You are resistant to electric shocks. (rElec)
You are resistant to unholy torment.
You are immune to petrification.


Message History

You hit the orc warrior. You burn the orc warrior.
The orc warrior barely misses you.
You hit the orc warrior but do no damage.
The orc warrior is heavily wounded.
The orc warrior hits you with a +0 dire flail.
You completely miss the orc warrior.
The orc warrior is heavily wounded.
The orc warrior hits you but does no damage. x2
You hit the orc warrior but do no damage.
The orc warrior is heavily wounded.
The orc warrior hits you with a +0 dire flail.
You hit the orc warrior but do no damage.
The orc warrior is heavily wounded.
The orc warrior closely misses you.
You hit the orc warrior but do no damage.
The orc warrior is heavily wounded.
You block the orc warrior's attack.
You closely miss the orc warrior.
The orc warrior is heavily wounded.
The orc warrior hits you but does no damage.
The orc warrior barely misses you.
You hit the orc warrior but do no damage.
The orc warrior is heavily wounded.
The orc warrior hits you but does no damage.
You closely miss the orc warrior.
The orc warrior is heavily wounded.
You block the orc warrior's attack.
You closely miss the orc warrior.
The orc warrior is heavily wounded.
The orc warrior hits you with a +0 dire flail.
You are too injured to fight recklessly!
You completely miss the orc warrior.
The orc warrior is heavily wounded.
The orc warrior hits you but does no damage.
Your chain mail prevents you from hitting the orc warrior.
The orc warrior is heavily wounded.
The orc warrior hits you with a +0 dire flail!
* * * LOW HITPOINT WARNING * * *
The orc warrior hits you with a +0 dire flail!
You die...

#.. ...#
#.. ...#
#..#...#
#......
#.....
#....
#.#.)o#
#...)@#
#....##
#....
.......
..###+#
.


You could see an orc warrior.

Vanquished Creatures
  Grinder (D:4)
  A black bear (D:5)
  A necrophage (D:5)
  A phantom (D:4)
  A kobold brigand (D:4)
  A water moccasin zombie (D:5)
  A hound (D:4)
  A jelly (D:4)
  2 orc wizards (D:3)
  A hound zombie (D:5)
  Robin (D:2)
  3 gnolls (D:4)
  4 adders
  A shadow imp (D:5)
  An ufetubus (D:4)
  An adder skeleton (D:5)
  5 worms
  2 dart slugs (D:1)
  8 orcs
  A bat (D:2)
  8 endoplasms
  3 giant cockroaches
  13 goblins
  15 hobgoblins
  2 jackals (D:4)
  6 kobolds
  2 quokkas
  9 ball pythons
  5 frilled lizards
  8 rats
109 creatures vanquished.

Vanquished Creatures (others)
  6 withered plants (D:2)
6 creatures vanquished.

Grand Total: 115 creatures vanquished

Notes
Turn   | Place    | Note
-------+----------+-------------------------------------------
     0 | D:1      | bande the Gargoyle Fighter began the quest for the Orb.
     0 | D:1      | Reached XP level 1. HP: 14/14 MP: 1/1
   259 | D:1      | Reached XP level 2. HP: 19/19 MP: 2/2
   325 | D:1      | Found Kuvvoino's Weapon Shoppe.
   682 | D:1      | Reached XP level 3. HP: 23/23 MP: 3/3
  1126 | D:2      | Noticed Robin
  1133 | D:2      | Killed Robin
  1498 | D:2      | Reached XP level 4. HP: 29/29 MP: 4/4
  1833 | D:2      | Found a faded altar of an unknown god.
  2500 | D:3      | Reached XP level 5. HP: 32/33 MP: 5/5
  3286 | D:4      | Reached XP level 6. HP: 21/38 MP: 6/6
  3496 | D:4      | Found Piol Dut's Self-Improvement Boutique.
  3715 | D:4      | Noticed Grinder
  3721 | D:4      | Paralysed by Grinder for 7 turns
  3744 | D:4      | Killed Grinder
  3745 | D:4      | Reached skill level 5 in Armour
  3745 | D:4      | Reached skill level 5 in Shields
  3745 | D:4      | Reached XP level 7. HP: 38/44 MP: 7/7
  3869 | D:4      | Found Kavor's Armour Shoppe.
  4449 | D:4      | Noticed a moth of wrath
  4452 | D:4      | Found a bloodstained altar of Trog.
  4673 | D:5      | Entered Level 5 of the Dungeon
  4769 | D:5      | Reached skill level 5 in Axes
  5280 | D:5      | Reached XP level 8. HP: 7/48 MP: 8/8
  5864 | D:6      | Slain by an orc warrior

Illustrated notes

Levels and vault maps discovered:
D:1:      dpeg_arrival_refuge, layout_basic, serial_shops,
          nicolae_shop_bloodbath_and_beyond, minmay_split_cup_small
D:2:      layout_loops_ring, ebering_ecumenical_altar_petrified, uniq_robin
D:3:      layout_basic
D:4:      layout_cave_pods, tgw_trog, serial_shops, shop,
          hangedman_abyss_or_decor_stabs, nicolae_shop_self_help, uniq_grinder
D:5:      layout_rooms
D:6:      layout_basic, minmay_temple_entry_tees,
          chequers_serial_rivers_small_a, chequers_garden, uniq_sigmund

Skill      XL: |  1  2  3  4  5  6  7 |
---------------+----------------------+-----
Axes           | 2 3 4 5 |  5.4
Shields        | 4 5 |  5.7
Armour         | 4 5 |  5.8
Fighting       | 4 |  4.6

Action                   |  1- 3 |  4- 6 |  7- 9 || total
-------------------------+-------+-------+-------++-------
Melee: War axe           |   109 |    21 |       ||   130
       Hand axe          |       |   159 |   151 ||   310
  Use: Scroll            |     3 |     1 |       ||     4
       Potion            |       |       |     1 ||     1
Armor: Scale mail        |    76 |    23 |       ||    99
       Chain mail        |       |    99 |   105 ||   204
Dodge: Dodged            |    37 |    44 |    46 ||   127
Block: Kite shield       |    55 |    69 |    72 ||   196

Table legend: (Time is in decaauts)
 A = Elapsed time spent in this place.
 B = Non-inter-level travel time spent in this place.
 C = Inter-level travel time spent in this place.
 D = Time resting spent in this place.
 E = Time spent auto-exploring this place.
 F = Levels seen in this place.
 G = Mean time per level.
                   A        B        C        D        E       F      G
               +--------+--------+--------+--------+--------+-----+--------+
         Total |   6032 |   6032 |      0 |   1182 |   3479 |   6 | 1005.3 |
       Dungeon |   6032 |   6032 |      0 |   1182 |   3479 |   6 | 1005.3 |
               +--------+--------+--------+--------+--------+-----+--------+

Top non-repeatable levels by time:
     D:4: 1648 daAuts
     D:2: 1228 daAuts
     D:5: 1188 daAuts
     D:3: 998 daAuts
     D:1: 945 daAuts
     D:6: 24 daAuts
